 Dungeon Crawl Stone Soup version 0.30-a0-390-g80c34de65d (webtiles) character file.

Game seed: 17581974023292523507

133 pokeman the Magician (level 4, -6/25 HPs)
             Began as a Deep Elf Hedge Wizard on Dec 4, 2022.
             Mangled by Grinder (8 damage)
             ... on level 3 of the Dungeon.
             The game lasted 00:03:24 (2907 turns).

pokeman the Magician (Deep Elf Hedge Wizard)        Turns: 2907, Time: 00:03:24

Health: -6/25      AC:  3    Str:  7    XL:     4   Next: 94%
Magic:  6/14       EV: 12    Int: 21    God:
Gold:   149        SH:  5    Dex: 14    Spells: 7/15 levels left

rFire   . . .      SeeInvis .    l - +1 whip (venom)
rCold   . . .      Faith    .    (no shield)
rNeg    . . .      Spirit   .    q - +0 leather armour
rPois   .          Reflect  +    c - +0 hat
rElec   .          Harm     .    (no cloak)
rCorr   .          Rampage  .    (no gloves)
Will    .....                    (no boots)
Stlth   ++........               p - amulet of reflection
HPRegen 0.24/turn                (no ring)
MPRegen 0.14/turn                (no ring)

@: on blink cooldown
A: no striking features
a: no special abilities


You were on level 3 of the Dungeon.
You visited 1 branch of the dungeon, and saw 3 of its levels.

You collected 149 gold pieces.

Inventory:

Hand Weapons
 l - a +1 whip of venom (weapon)
Armour
 c - a +0 hat (worn)
 q - a +0 leather armour (worn)
Magical Staves
 e - a staff of poison
Jewellery
 p - an amulet of reflection (around neck)
Scrolls
 h - a scroll of butterflies {unknown}
 i - a scroll of magic mapping {unknown}
 j - 4 scrolls of identify {unknown}
 k - a scroll of noise {unknown}
 m - a scroll of teleportation {unknown}
Potions
 a - a potion of invisibility {unknown}
 b - a potion of lignification {unknown}
 d - a potion of magic
 f - a potion of curing {unknown}
 g - a potion of heal wounds {unknown}
 n - a potion of flight {unknown}
 o - a potion of cancellation {unknown}


   Skills:
 - Level 1.0 Fighting
 - Level 1.0 Armour
 + Level 2.9 Dodging
 + Level 3.0 Stealth
 * Level 6.0 Spellcasting
 + Level 2.4 Conjurations
 - Level 1.1 Summonings
 - Level 1.1 Translocations


You had 7 spell levels left.
You knew the following spells:

 Your Spells              Type           Power      Damage    Failure   Level
a - Magic Dart            Conj           64%        1d6       5%          1
b - Mephitic Cloud        Conj/Pois/Air  9%         N/A       30%         3
c - Call Imp              Summ           11%        N/A       14%         2
d - Blink                 Tloc           22%        N/A       14%         2

Your spell library contained the following spells:

 Spells                   Type           Power      Damage    Failure   Level
 Slow                     Hex            24%        N/A       14%         1
 Cigotuvi's Dreadful Rot  Necr/Pois/Air  12%        N/A       22%         2


Dungeon Overview and Level Annotations

Branches:
Dungeon (3/15)

Altars:

Annotations:
D:3 Grinder, Robin


Message History

The orc is heavily wounded.
You block the orc's attack.
You closely miss the orc.
The orc is heavily wounded.
You block the orc's attack. The orc barely misses you.
Grinder shouts!
You hit the orc but do no damage.
The orc is poisoned.
The orc is heavily wounded.
You hear a shout!
You block the orc's attack.
A hobgoblin comes into view. x2
Grinder says, "Mostly I couldn't keep them alive."
Grinder blinks!
Casting: Mephitic Cloud (extremely dangerous; 30% risk of failure)
Confirm with . or Enter, or press ? or * to list all spells.
A beastly little devil appears in a puff of flame.
The orc barely misses you. The orc misses your crimson imp.
Robin of the Strong Arm comes into view.
They are wielding a +0 falchion.
Unknown command.
You hit the orc.
You kill the orc!
A hobgoblin comes into view.
Grinder blinks!
Your Stealth skill increases to level 3!
Unknown command.
The goblin attacks as you move away! You block the goblin's attack.
Grinder gestures at you. Pain shoots through your body!
Ouch! That really hurt!
* * * LOW HITPOINT WARNING * * *
Unknown command.
Casting: Call Imp (safe; 14% risk of failure)
Confirm with . or Enter, or press ? or * to list all spells.
You blink.
A goblin comes into view. It is wielding a +0 club.
Grinder misses you.
A hobgoblin comes into view.
The goblin moves out of view.
Grinder attacks as you move away! Grinder hits you!
You die...

#. #..# ###....##
#.##..############........
##.##....................<....
..........#####.######........
.......)).# ##.## ###....##
..........####g..#### #....#
##....g..g.5)..#....# #....#
#.##..#g..###5..##.####.#### #
#....#.†.@...........#
##.#...#.##.###.######
#.##.......# #.# # #.##.##.#
#.# #. #.##.##.# #.# #####
#..........###.# ####.... ..
#.#......# #.....##
####.##.##.##### #.##....
...........# #.##.###


You could see Grinder, 2 hobgoblins and a goblin.

Vanquished Creatures
  An orc wizard (D:3)
  4 adders
  A dart slug (D:2)
  4 orcs (D:3)
  7 bats
  5 endoplasms
  2 giant cockroaches (D:2)
  6 goblins
  6 hobgoblins
  3 quokkas
  6 ball pythons
  5 frilled lizards
  9 kobolds
  3 rats (D:1)
62 creatures vanquished.

Notes
Turn   | Place    | Note
-------+----------+-------------------------------------------
     0 | D:1      | pokeman the Deep Elf Hedge Wizard began the quest for the
                  | Orb.
     0 | D:1      | Reached XP level 1. HP: 10/10 MP: 7/7
   231 | D:1      | Reached XP level 2. HP: 15/15 MP: 5/9
   346 | D:1      | Found a faded altar of an unknown god.
   541 | D:1      | Reached skill level 5 in Spellcasting
   823 | D:1      | Reached XP level 3. HP: 20/20 MP: 5/11
  1097 | D:1      | Learned a level 3 spell: Mephitic Cloud
  1100 | D:1      | Learned a level 2 spell: Call Imp
  1103 | D:1      | Learned a level 2 spell: Blink
  1602 | D:2      | Reached skill level 1 in Fighting
  1807 | D:2      | Reached skill level 1 in Armour
  1962 | D:2      | Reached XP level 4. HP: 21/25 MP: 5/13
  2452 | D:3      | Noticed Grinder
  2889 | D:3      | Reached skill level 6 in Spellcasting
  2902 | D:3      | Noticed Robin
  2905 | D:3      | HP: 1/25 [Grinder/nerve-wracking pain (13)]
  2907 | D:3      | Mangled by Grinder

Illustrated notes

Levels and vault maps discovered:
D:1:      tarquinn_simple_flora_water_b, layout_basic,
          hellmonk_ecumenical_altar_leap_of_faith, minivault_4
D:2:      layout_loops_corners, kennysheep_generic_room_16
D:3:      layout_loops_ring, nicolae_hepliaklqana_hippocampus, uniq_grinder,
          uniq_robin

Skill      XL: |  1  2  3  4 |
---------------+-------------+-----
Spellcasting   | 5 6 |  6.0
Fighting       | 1 |  1.0
Conjurations   | 2 |  2.4
Armour         | 1 |  1.0
Stealth        | 3 |  3.0
Dodging        | |  2.9
Summonings     | |  1.1
Translocations | |  1.1

Action                   |  1- 3 |  4- 6 || total
-------------------------+-------+-------++-------
Melee: Dagger            |    19 |       ||    19
       Whip              |       |    12 ||    12
 Cast: Magic Dart        |   107 |    42 ||   149
       Mephitic Cloud    |       |     1 ||     1
       Blink             |       |     1 ||     1
       Call Imp          |       |     1 ||     1
Armor: Robe              |     6 |       ||     6
       Leather armour    |       |     1 ||     1
Dodge: Dodged            |    28 |    13 ||    41
Block: Other             |       |     6 ||     6

Table legend: (Time is in decaauts)
 A = Elapsed time spent in this place.
 B = Non-inter-level travel time spent in this place.
 C = Inter-level travel time spent in this place.
 D = Time resting spent in this place.
 E = Time spent auto-exploring this place.
 F = Levels seen in this place.
 G = Mean time per level.
                   A        B        C        D        E       F      G
               +--------+--------+--------+--------+--------+-----+--------+
         Total |   2907 |   2857 |     50 |    118 |   2393 |   3 |  969.0 |
       Dungeon |   2907 |   2857 |     50 |    118 |   2393 |   3 |  969.0 |
               +--------+--------+--------+--------+--------+-----+--------+

Top non-repeatable levels by time:
     D:2: 1298 daAuts
     D:1: 1137 daAuts
     D:3: 471 daAuts
